AoeStats
← 9miniUzzi

Arena

510243632Analyzed
3v3 RM · 1d ago on Sep 30, 2026· 50m 33s· 6 players
Game mode
Random Map
Map size
Normal (6 player)
Population
200
Speed
Normal
Resources
Standard
Victory
Conquest
Starting age
Dark Age
Ending age
Imperial Age
RankedLock teamsTeams togetherTeam positionsShared explorationLock speedFull tech treeHidden civsTurbo modeCheats
Victory
Defeat
🇲🇽 Italians · Mexico
1036
+15
🇲🇽 Vietnamese · Mexico
1025
+15
🇲🇽 Franks · Mexico
990
+16
🇺🇸 Wu · United States
1030
-16
🇺🇸 Khmer · United States
1001
-15
🇺🇸 Goths · United States
994
-15
X SaLtEdNuTs X
10:53 Feudal Age
14:30 Castle Age
12:48 Double-Bit Axe
14:13 Wheelbarrow
13:42 Horse Collar
26:59 Imperial Age
30:16 Ballistics
30:08 Fortified Wall
31:09 Capped Ram
32:09 Cavalier
34:08 Heavy Scorpion
36:36 Masonry
36:18 Siege Ram
38:07 Bow Saw
38:15 Hand Cart
37:35 Light Cavalry
38:53 Double Crossbow
39:56 Hussar
41:48 Scale Barding Armor
41:54 Forging
43:02 Siege Engineers
46:46 Bloodlines
46:36 Husbandry
47:16 Iron Casting
47:02 Chain Barding Armor
47:18 Architecture
49:42 Gold Mining
49:18 Pikeman
50:05 Scale Mail Armor
51:06 Blast Furnace
X SaLtEdDiZzY X
11:26 Feudal Age
9:59 Loom
15:19 Castle Age
13:25 Double-Bit Axe
14:04 Horse Collar
14:42 Stone Mining
17:07 Wheelbarrow
17:24 Bow Saw
23:28 Gold Mining
25:42 Hand Cart
26:43 Gold Shaft Mining
27:21 Stone Shaft Mining
30:27 Imperial Age
28:10 Squires
27:55 Arson
28:26 Town Watch
28:34 Fletching
28:57 Heavy Plow
29:06 Padded Archer Armor
29:50 Ballistics
31:11 Red Cliffs Tactics
31:33 Conscription
31:26 Forging
31:16 Scale Mail Armor
31:24 Elite Fire Archer
33:29 Chemistry
32:59 Bodkin Arrow
34:45 Pikeman
36:10 Town Patrol
37:08 Halberdier
41:03 Heavy Scorpion
X SaLtEdTlTs X
11:58 Feudal Age
10:19 Loom
17:08 Castle Age
15:16 Double-Bit Axe
15:25 Horse Collar
16:33 Gold Mining
Ozelote
11:08 Feudal Age
9:23 Loom
18:10 Castle Age
16:10 Double-Bit Axe
16:07 Horse Collar
19:26 Bloodlines
19:17 Husbandry
19:41 Bow Saw
24:05 Heavy Plow
25:00 Forging
24:58 Scale Barding Armor
27:31 Gold Mining
27:31 Stone Mining
28:20 Wheelbarrow
30:44 Iron Casting
35:27 Chain Barding Armor
37:51 Imperial Age
35:39 Hand Cart
35:10 Town Watch
38:16 Cavalier
41:31 Blast Furnace
41:06 Plate Barding Armor
42:33 Conscription
42:43 Pirotechnia
44:03 Stone Shaft Mining
43:50 Fletching
44:00 Padded Archer Armor
43:54 Light Cavalry
48:13 Chemistry
47:33 Ballistics
46:54 Treadmill Crane
47:26 Fortified Wall
47:26 Masonry
47:12 Murder Holes
49:17 Elite Skirmisher
CyberMendigo
9:06 Loom
11:00 Feudal Age
15:33 Castle Age
13:50 Double-Bit Axe
27:21 Wheelbarrow
27:06 Bow Saw
28:44 Scale Barding Armor
32:47 Scale Mail Armor
33:04 Forging
34:10 Gold Mining
34:10 Stone Mining
36:31 Gold Shaft Mining
39:13 Imperial Age
37:06 Hand Cart
39:52 Chain Barding Armor
40:07 Iron Casting
40:21 Town Watch
42:46 Conscription
42:10 Cavalier
42:50 Husbandry
43:28 Plate Barding Armor
43:54 Blast Furnace
43:13 Chivalry
43:53 Paladin
46:53 Chain Mail Armor
50:50 Chemistry
50:01 Fortified Wall
49:47 Murder Holes
9miniUzzi
11:12 Feudal Age
14:52 Castle Age
13:14 Double-Bit Axe
13:38 Horse Collar
14:38 Stone Mining
15:28 Loom
18:54 Wheelbarrow
24:42 Fletching
27:29 Gold Mining
27:50 Bow Saw
27:41 Heavy Plow
29:41 Scale Barding Armor
29:32 Bodkin Arrow
29:39 Padded Archer Armor
29:47 Thumb Ring
30:05 Chatras
29:53 Elite Skirmisher
33:18 Imperial Age
31:30 Fortified Wall
32:39 Stone Shaft Mining
33:29 Leather Archer Armor
33:36 Ballistics
33:18 Murder Holes
34:25 Hand Cart
34:46 Town Watch
34:35 Imperial Skirmisher
35:47 Ring Archer Armor
35:18 Bracer
36:27 Chemistry
37:05 Paper Money
37:17 Elite Fire Lancer
37:21 Pikeman
38:02 Squires
37:48 Arson
38:07 Scale Mail Armor
38:17 Forging
40:45 Bloodlines
40:35 Husbandry
39:56 Elite Battle Elephant
40:51 Halberdier
41:55 Chain Barding Armor
42:12 Iron Casting
44:50 Two-Man Saw
45:26 Plate Barding Armor
50:57 Chain Mail Armor
Connection lost

Rejoining the realm…

Still unreachable

The connection could not be restored.

Session expired

The server has moved on; the page needs a fresh start.